 Dungeon Crawl Stone Soup version 0.26-a0-712-ga5a9c9c9d0 (webtiles) character file.

Game seed: 5012022922045721797

116942 Froggeryz the Brawler (level 16, -1/159 HPs)
             Began as a Gargoyle Monk on Nov 1, 2020.
             Was the Champion of Okawaru.
             Slain by a snapping turtle (11 damage)
             ... on level 1 of the Shoals.
             The game lasted 00:48:29 (30090 turns).

Froggeryz the Brawler (Gargoyle Monk)              Turns: 30090, Time: 00:48:30

Health: -1/159     AC: 51    Str: 28    XL:     16   Next: 72%
Magic:  20/20      EV:  7    Int:  8    God:    Okawaru [******]
Gold:   3168       SH:  7    Dex: 16    Spells: 17/21 levels left

rFire    + + .     SeeInvis .     - Unarmed
rCold    . . .     Faith    +   s - +0 buckler of Pandemonium {rPois rF++ rN+ Int-3 Dex+2}
rNeg     + + .     Spirit   .   R - +4 crystal plate armour of Depression {Dex+2}
rPois    ∞         Reflect  .   O - +1 hat {MR+}
rElec    +         Harm     .   E - +0 cloak "Gonoj" {-Cast MR+ Str+3}
rCorr    .         Rampage  .   z - +0 pair of gloves {Str+3}
MR       +++..     NoCast   +   Y - +1 pair of boots {Fly}
Stlth    ..........             b - amulet of faith
HPRegen  0.36/turn              C - +4 ring of protection
MPRegen  0.17/turn              n - +4 ring of protection

@: berserking, flying, very quick
A: big wings, negative energy resistance 1, electricity resistance, unbreathing,
petrification resistance, rot immunity, AC +12
a: Stop Flying, Heroism, Finesse, Renounce Religion


You were on level 1 of the Shoals.
You worshipped Okawaru.
Okawaru was exalted by your worship.
You visited 6 branches of the dungeon, and saw 26 of its levels.
You also visited: Gauntlet and Volcano.

You collected 3265 gold pieces.
You spent 97 gold pieces at shops.

Inventory:

Missiles
 u - 39 silver javelins (quivered)
 x - 8 curare-tipped darts
 S - 28 javelins
Armour
 s - the +0 buckler of Pandemonium (worn) {rPois rF++ rN+ Int-3 Dex+2}
   (You found it on level 3 of the Lair of Beasts)

   It affects your intelligence (-3).
   It affects your dexterity (+2).
   It greatly protects you from fire.
   It protects you from poison.
   It protects you from negative energy.
 z - a +0 pair of gloves of strength (worn)
 E - the +0 cloak "Gonoj" (worn) {-Cast MR+ Str+3}
   (You found it on level 10 of the Dungeon)

   It affects your strength (+3).
   It affects your resistance to hostile enchantments.
   It prevents spellcasting.
 O - a +1 hat of magic resistance (worn)
 R - the +4 crystal plate armour of Depression (worn) {Dex+2}
   (Okawaru gifted it to you on level 3 of the Lair of Beasts)

   It affects your dexterity (+2).
 Y - a +1 pair of boots of flying (worn)
Jewellery
 b - an amulet of faith (around neck)
 e - an uncursed ring of protection from fire
 n - a +4 ring of protection (right hand)
 C - a +4 ring of protection (left hand)
 X - an uncursed ring of protection from cold
Wands
 f - a wand of enslavement (8)
 i - a wand of random effects (49)
 r - a wand of acid (16)
 v - a wand of digging (7)
 D - a wand of polymorph (10)
 P - a wand of flame (44)
 Q - a wand of disintegration (35)
 V - a wand of iceblast (14)
Scrolls
 a - 5 scrolls of immolation
 c - 8 scrolls of identify
 d - 2 scrolls of blinking
 g - 10 scrolls of teleportation
 h - 6 scrolls of enchant weapon
 j - 4 scrolls of magic mapping
 l - 8 scrolls of remove curse
 q - a scroll of fear
 w - 7 scrolls of amnesia
 y - 4 scrolls of fog
 I - 6 scrolls of enchant armour
 M - a scroll of vulnerability
Potions
 k - 8 potions of curing
 m - 2 potions of lignification
 o - 5 potions of stabbing
 A - a potion of berserk rage
 B - 6 potions of invisibility
 F - 4 potions of haste
 H - 2 potions of mutation {unknown}
 J - 2 potions of degeneration {unknown}
 K - 2 potions of might
 L - a potion of ambrosia {unknown}
 N - 3 potions of resistance {unknown}
 T - a potion of cancellation
Miscellaneous
 G - a condenser vane (2/2)
 W - a condenser vane (2/2)


   Skills:
 + Level 14.2 Fighting
 - Level 11.1 Throwing
 - Level 10.7 Armour
 - Level 2.4 Dodging
 - Level 2.1 Stealth
 + Level 10.1 Shields
 * Level 17.5 Unarmed Combat
 - Level 3.2 Spellcasting
 + Level 2.2 Translocations
 - Level 4.1 Invocations
 - Level 4.4 Evocations


You had 17 spell levels left.
You knew the following spells:

 Your Spells              Type           Power        Failure   Level
a - Apportation           Tloc           #.....       98%         1
b - Lesser Beckoning      Tloc           #.........   100%        3

Your spell library contained the following spells:

 Spells                   Type           Power        Failure   Level
 Animate Skeleton         Necr           #.....       100%        1
 Corona                   Hex            #......      100%        1
 Foxfire                  Conj/Fire      #...         100%        1
 Magic Dart               Conj           #...         100%        1
 Pain                     Necr           #...         100%        1
 Shock                    Conj/Air       #...         100%        1
 Sting                    Tmut/Pois      #...         100%        1
 Ensorcelled Hibernation  Hex/Ice        #.....       100%        2
 Poisonous Vapours        Pois/Air       #.....       100%        2
 Searing Ray              Conj           #.....       100%        2
 Swiftness                Air            #.......     100%        2
 Confusing Touch          Hex            #.......     100%        3
 Conjure Flame            Conj/Fire      #.......     100%        3
 Dazzling Flash           Conj/Hex       #.....       100%        3
 Gell's Gravitas          Tloc           #.........   100%        3
 Ignite Poison            Fire/Tmut/Pois #.......     100%        3
 Inner Flame              Hex/Fire       #.......     100%        3
 Mephitic Cloud           Conj/Pois/Air  #.......     100%        3
 Portal Projectile        Hex/Tloc       #.....       100%        3
 Static Discharge         Conj/Air       #.......     100%        3
 Tukima's Dance           Hex            #.......     100%        3
 Vampiric Draining        Necr           #.........   100%        3
 Airstrike                Air            #.........   100%        4
 Animate Dead             Necr           #.........   100%        4
 Cause Fear               Hex            #.........   100%        4
 Fulminant Prism          Conj/Hex       #.........   100%        4
 Iskenderun's Mystic Bla  Conj/Tloc      #.......     100%        4
 Olgreb's Toxic Radiance  Pois           #.......     100%        4
 Sticky Flame             Conj/Fire      #.......     100%        4
 Agony                    Necr           #.......     100%        5
 Alistair's Intoxication  Tmut/Pois      #........    100%        5
 Fireball                 Conj/Fire      #.........   100%        5
 Lightning Bolt           Conj/Air       #.........   100%        5
 Silence                  Hex/Air        #.........   100%        5
 Yara's Violent Unravell  Hex/Tmut       #.........   100%        5
 Dispersal                Tloc           #.........   100%        6
 Freezing Cloud           Conj/Ice/Air   #.........   100%        6
 Invisibility             Hex            #.......     100%        6
 Discord                  Hex            #.........   100%        8
 Disjunction              Tloc           #.........   100%        8


Dungeon Overview and Level Annotations

Branches:
Dungeon (14/15)            Temple (1/1) D:4            Lair (6/6) D:10
 Shoals (1/4) Lair:2        Snake (2/4) Lair:4        Slime (0/5) Lair:6
    Orc (2/2) D:9             Elf (0/3) Orc:2        Vaults (0/5) D:13
Volcano (visited)         Gauntlet (visited)

Altars:
Dithmenos
Elyvilon
Gozag
Okawaru
Ru
Wu Jian
Jiyva

Shops:
Orc:1 ?   Orc:2 [(:(   Snake:1 (

Annotations:
D:6 1 runed translucent door


Innate Abilities, Weirdness & Mutations

You are resistant to torment.
Your stone body is resilient. (AC +12)
You are immune to poison.
Your large and strong wings let you fly indefinitely.
You resist negative energy. (rN+)
You are resistant to electric shocks. (rElec)
You can survive without breathing.
You are immune to petrification.
You are immune to rotting.


Message History

Jorgrun is almost dead.
Jorgrun barely misses you.
* * * LOW HITPOINT WARNING * * *
The grasping roots constrict you! The merfolk closely misses you.
You punch Jorgrun!
Jorgrun is almost dead.
The snapping turtle bites you but does no damage.
The wind drake flaps its wings at you.
The air twists around and violently strikes you in flight!!
* * * LOW HITPOINT WARNING * * *
You pummel Jorgrun!!
You kill Jorgrun!
Okawaru is honoured by your kill. Something appears at your feet!
You hear a splash.
Okawaru grants you ammunition!
Your condenser vane (2/2) has regained one charge.
You block the merfolk's attack. The snapping turtle bites you!
You die...

≈≈≈≈≈≈≈≈≈≈ ≈≈≈≈≈≈≈≈≈≈
≈......
≈≈≈≈≈≈≈≈≈≈#######≈......
≈≈≈≈≈≈≈≈≈..≈≈≈≈.........
≈≈≈≈≈..≈................
≈≈≈≈≈≈≈..# #............
≈≈≈≈≈≈≈..# #...Sk.......
≈≈≈≈≈≈≈..###....mt......
≈≈≈≈≈≈≈≈..#..≈.)@...≈≈.#
≈≈≈≈≈≈≈≈≈.....≈(.≈≈≈≈≈..
≈≈≈≈≈≈≈≈≈....≈≈≈≈≈≈≈≈≈..
≈≈≈≈≈≈≈≈≈.≈≈≈≈≈≈≈≈≈≈≈...
≈≈≈≈≈≈≈≈≈≈≈≈≈≈.≈........
≈≈≈≈≈≈≈≈.≈≈≈≈≈≈.........
≈≈≈≈≈≈≈≈≈≈≈....####.≈≈≈.
≈≈≈≈≈≈≈≈≈≈.....###....PP
.≈≈≈≈≈≈≈≈.≈≈.........P.#


You could see a sea snake, a snapping turtle, a wind drake (repels missiles) and
a merfolk.

Vanquished Creatures
  Jorgrun (Shoals:1)
  A nagaraja (Snake:2)
  An orc warlord (Orc:2)
  Aizul (Snake:1)
  Louise (Lair:2)
  5 dire elephants (Lair:6)
  A minotaur (Gauntlet)
  An ettin (Orc:1)
  5 hydras
  A great orb of eyes (D:13)
  5 vault guards (D:13)
  4 centaur warriors
  3 naga warriors (Snake:2)
  An anaconda (Lair:6)
  3 two-headed ogres
  3 boulder beetles
  A tengu warrior (D:13)
  3 orc high priests (Orc:2)
  4 naga sharpshooters
  Urug (Lair:4)
  Sonja (D:12)
  5 shock serpents
  2 unseen horrors (D:13)
  2 sea snakes (Shoals:1)
  4 naga ritualists (Snake:1)
  4 harpies (Shoals:1)
  4 orc knights (Orc:2)
  8 orc sorcerers
  5 mana vipers
  2 deep elf magi
  3 fauns (Shoals:1)
  3 manticores (Shoals:1)
  4 ugly things
  An oklob plant (Lair:6)
  A wolf spider (D:10)
  16 elephants (Lair:6)
  4 salamanders (Snake:2)
  A merfolk siren (Shoals:1)
  2 cyclopes
  2 water nymphs (Shoals:1)
  26 black mambas
  A black mamba (shapeshifter) (D:14)
  6 naga magi
  A molten gargoyle (Volcano)
  5 gargoyles
  An ice statue (Gauntlet)
  A torpor snail (Lair:6)
  Maurice (Orc:2)
  8 cane toads
  A rime drake (Gauntlet)
  8 komodo dragons
  A kobold demonologist (D:10)
  3 polar bears
  2 trolls
  6 merfolk
  3 wind drakes (Shoals:1)
  Prince Ribbit (D:5)
  13 blink frogs
  2 hornets
  3 slime creatures
  12 dream sheep (Lair:6)
  10 flying skulls (Gauntlet)
  2 shadows
  4 wyverns
  A fire elemental (Volcano)
  A wraith (D:10)
  41 yaks
  8 vampire mosquitoes
  3 basilisks
  Menkaure (D:7)
  5 wargs
  Edmund (D:6)
  12 nagas
  14 water moccasins
  A soldier ant (D:13)
  3 black bears
  3 phantoms
  18 orc warriors
  2 sky beasts
  4 ice beasts
  16 wolves
  A necrophage (D:10)
  A tengu (shapeshifter) (D:10)
  An eye of draining (D:12)
  13 ogres
  14 centaurs
  2 big kobolds
  17 bullfrogs
  A gnoll sergeant (D:9)
  5 scorpions
  3 wights (D:10)
  11 killer bees
  An electric eel (Lair:1)
  4 howler monkeys
  3 bullfrog zombies
  A jelly (D:5)
  2 quasits (D:13)
  7 hounds
  3 centaur skeletons
  2 bullfrog skeletons (D:7)
  14 orc priests
  14 orc wizards
  6 iguanas
  Ijyb (D:5)
  16 worker ants
  A hound skeleton (D:8)
  3 worker ant zombies
  9 adders
  4 gnolls
  2 shadow imps
  A white imp (D:5)
  2 ufetubi
  2 oozes
  An adder skeleton (D:6)
  3 worms
  3 dart slugs
  6 leopard geckos
  51 orcs
  7 giant cockroaches
  3 goblins
  6 hobgoblins
  10 jackals
  4 quokkas
  8 bats
  2 frilled lizards
  15 kobolds
  A leopard gecko skeleton (D:8)
  8 rats
  A butterfly (D:6)
671 creatures vanquished.

Vanquished Creatures (others)
  55 fungi
  71 plants
126 creatures vanquished.

Grand Total: 797 creatures vanquished

Notes
Turn   | Place    | Note
-------+----------+-------------------------------------------
     0 | D:1      | Froggeryz the Gargoyle Monk began the quest for the Orb.
     0 | D:1      | Reached XP level 1. HP: 14/14 MP: 1/1
   159 | D:1      | Reached XP level 2. HP: 19/19 MP: 2/2
   163 | D:1      | Reached skill level 1 in Armour
   596 | D:1      | Reached XP level 3. HP: 21/23 MP: 3/3
   992 | D:2      | Reached skill level 4 in Unarmed Combat
  1311 | D:2      | Reached XP level 4. HP: 28/28 MP: 4/4
  2439 | D:3      | Found a faded altar of an unknown god.
  2616 | D:4      | Noticed an ice beast
  2628 | D:3      | Reached XP level 5. HP: 27/32 MP: 5/5
  2767 | D:4      | Found a sacrificial altar of Ru.
  3101 | D:3      | Killed an ice beast
  3101 | D:3      | Reached skill level 5 in Unarmed Combat
  3409 | D:4      | Got a bloodstained chain mail
  3420 | D:4      | Identified the +4 chain mail "Zeaciose" {*Slow rElec rF++}
                  | (You found it on level 4 of the Dungeon)
  3652 | D:5      | Entered Level 5 of the Dungeon
  3688 | D:5      | Reached XP level 6. HP: 28/37 MP: 6/6
  3809 | D:4      | Reached skill level 6 in Unarmed Combat
  3940 | D:4      | Found a staircase to the Ecumenical Temple.
  3949 | Temple   | Entered the Ecumenical Temple
  3961 | Temple   | Became a worshipper of Warmaster Okawaru
  3961 | Temple   | Reached * piety under Okawaru
  3961 | Temple   | Reached ** piety under Okawaru
  4322 | D:5      | Noticed a sky beast
  4337 | D:5      | Killed a sky beast
  4337 | D:5      | Reached XP level 7. HP: 34/44 MP: 7/7
  4505 | D:5      | Noticed Ijyb
  4541 | D:5      | Killed Ijyb
  4816 | D:5      | Noticed Prince Ribbit
  4925 | D:5      | Killed Prince Ribbit
  4925 | D:5      | Reached skill level 5 in Fighting
  4925 | D:5      | Reached skill level 7 in Unarmed Combat
  5299 | D:6      | Found a runed translucent door.
  5303 | D:6      | Found a runed translucent door.
  5329 | D:6      | Reached *** piety under Okawaru
  5336 | D:6      | Reached XP level 8. HP: 30/49 MP: 8/8
  5346 | D:6      | Received a gift from Okawaru
  5346 | D:6      | Reached skill level 8 in Unarmed Combat
  5793 | D:6      | Reached skill level 9 in Unarmed Combat
  5991 | D:6      | Noticed Edmund
  6134 | D:6      | Killed Edmund
  6134 | D:6      | Reached **** piety under Okawaru
  6462 | D:7      | Noticed Menkaure
  6470 | D:7      | Killed Menkaure
  6485 | D:7      | Reached XP level 9. HP: 21/56 MP: 9/9
  6813 | D:7      | Reached skill level 10 in Unarmed Combat
  7043 | D:7      | Reached ***** piety under Okawaru
  7742 | D:8      | Reached skill level 11 in Unarmed Combat
  7821 | D:8      | Noticed a hornet
  7827 | D:8      | Killed a hornet
  7987 | D:8      | Noticed a two-headed ogre
  8001 | D:8      | Killed a two-headed ogre
  8001 | D:8      | Reached XP level 10. HP: 54/65 MP: 7/10
  8358 | D:9      | Found a staircase to the Orcish Mines.
  8361 | D:9      | Noticed a centaur warrior
  8367 | D:8      | Received a gift from Okawaru
  8397 | D:8      | Reached skill level 12 in Unarmed Combat
  8849 | D:9      | Killed a centaur warrior
  8975 | D:9      | Found a flagged portal.
  9342 | D:9      | Reached skill level 10 in Fighting
  9346 | D:9      | Reached skill level 13 in Unarmed Combat
  9775 | D:10     | Entered Level 10 of the Dungeon
  9821 | D:10     | Noticed a centaur warrior
  9836 | D:10     | Killed a centaur warrior
  9836 | D:10     | Reached XP level 11. HP: 56/72 MP: 10/12
  9851 | D:10     | Noticed a wolf spider
  9863 | D:10     | Killed a wolf spider
  9873 | D:10     | Got a glimmering cloak
  9874 | D:10     | Noticed a boulder beetle
  9903 | D:10     | Killed a boulder beetle
  9921 | D:10     | Identified the +0 cloak "Gonoj" {-Cast MR+ Str+3} (You
                  | found it on level 10 of the Dungeon)
  9995 | D:10     | Reached ****** piety under Okawaru
 10000 | D:10     | Found a staircase to the Lair.
 10036 | D:10     | Reached skill level 5 in Armour
 10046 | D:10     | Received a gift from Okawaru
 10091 | D:10     | Reached skill level 1 in Shields
 10699 | D:10     | Reached skill level 14 in Unarmed Combat
 10699 | D:10     | Reached skill level 1 in Evocations
 11036 | Lair:1   | Entered Level 1 of the Lair of Beasts
 11224 | Lair:1   | Found a gate leading to a gauntlet.
 11233 | Gauntlet | Entered a Gauntlet
 11233 | Gauntlet | Found a transporter.
 11233 | Gauntlet | Found a transporter.
 11233 | Gauntlet | Found a transporter.
 11235 | Gauntlet | Found a transporter.
 11235 | Gauntlet | Found a transporter.
 11238 | Gauntlet | Found a transporter.
 11241 | Gauntlet | Noticed a necromancer
 11244 | Gauntlet | Found a transporter.
 11247 | Gauntlet | Found a transporter.
 11248 | Gauntlet | Found a transporter.
 11249 | Gauntlet | Found a transporter.
 11253 | Gauntlet | Found a runed translucent door.
 11255 | Gauntlet | Found a runed translucent door.
 11257 | Gauntlet | Found a transporter.
 11257 | Gauntlet | Noticed a death ooze
 11263 | Gauntlet | Found a transporter.
 11275 | Gauntlet | Noticed a death scarab
 11342 | Gauntlet | Reached skill level 5 in Shields
 11348 | Gauntlet | Got a steaming helmet
 11352 | Gauntlet | Identified the +2 helmet of the Spheres {Harm *Slow Int+6
                  | Dex+3} (You found it in a Gauntlet)
 11390 | Gauntlet | Reached XP level 12. HP: 57/77 MP: 15/15
 11679 | Gauntlet | Noticed a minotaur
 11693 | Gauntlet | Killed a minotaur
 11744 | Lair:1   | Found a dark tunnel.
 11755 | Volcano  | Entered a volcano
 11787 | Volcano  | Received a gift from Okawaru
 12824 | Lair:2   | Noticed a five-headed hydra
 12839 | Lair:2   | Killed a five-headed hydra
 12839 | Lair:2   | Reached skill level 1 in Throwing
 13055 | Lair:2   | Noticed a four-headed hydra
 13061 | Lair:2   | Killed a four-headed hydra
 13391 | Lair:2   | Found a staircase to the Shoals.
 14598 | Lair:3   | Noticed a six-headed hydra
 14614 | Lair:3   | Killed a six-headed hydra
 14614 | Lair:3   | Received a gift from Okawaru
 14862 | Lair:3   | Got an emerald-encrusted crystal plate armour {god gift}
 14873 | Lair:3   | Identified the +4 crystal plate armour of Depression
                  | {Dex+2} (Okawaru gifted it to you on level 3 of the Lair of
                  | Beasts)
 14906 | Lair:3   | Reached XP level 13. HP: 82/84 MP: 16/16
 15009 | Lair:3   | Got a pitted buckler
 15010 | Lair:3   | Identified the cursed +0 buckler of Pandemonium {rPois rF++
                  | rN+ Int-3 Dex+2} (You found it on level 3 of the Lair of
                  | Beasts)
 15176 | Lair:4   | Noticed Urug
 15194 | Lair:4   | Killed Urug
 15311 | Lair:4   | Found a staircase to the Snake Pit.
 15499 | Lair:4   | You fall into a shaft and drop 1 floor!
 15505 | Lair:5   | Reached skill level 5 in Throwing
 16087 | Lair:4   | Got a pitted cloak
 16088 | Lair:4   | Identified the +1 cloak of Ufok {Dex+4} (You found it on
                  | level 4 of the Lair of Beasts)
 16930 | Lair:6   | Entered Level 6 of the Lair of Beasts
 17073 | Lair:6   | Received a gift from Okawaru
 17250 | Lair:6   | Reached skill level 10 in Armour
 17260 | Lair:6   | Received a gift from Okawaru
 17270 | Lair:6   | Found a viscous altar of Jiyva.
 17270 | Lair:6   | Found a staircase to the Slime Pits.
 17688 | Lair:6   | Received a gift from Okawaru
 17864 | Lair:6   | Received a gift from Okawaru
 17885 | Lair:6   | Gained mutation: Your large and strong wings let you fly
                  | indefinitely. [Gargoyle growth]
 17885 | Lair:6   | Reached XP level 14. HP: 68/90 MP: 17/17
 18158 | Lair:6   | Received a gift from Okawaru
 19021 | Lair:6   | Reached skill level 10 in Throwing
 19194 | Lair:6   | Noticed a dire elephant
 19194 | Lair:6   | Noticed a dire elephant
 19209 | Lair:6   | Killed a dire elephant
 19218 | Lair:6   | Killed a dire elephant
 19382 | Lair:6   | Noticed a dire elephant
 19384 | Lair:6   | Noticed a dire elephant
 19418 | Lair:6   | Killed a dire elephant
 19418 | Lair:6   | Received a gift from Okawaru
 19421 | Lair:6   | Killed a dire elephant
 19421 | Lair:6   | Received a gift from Okawaru
 19471 | Lair:6   | Noticed a dire elephant
 19485 | Lair:6   | Killed a dire elephant
 19780 | Orc:1    | Entered Level 1 of the Orcish Mines
 19787 | Orc:1    | Received a gift from Okawaru
 19953 | Orc:2    | Entered Level 2 of the Orcish Mines
 20240 | Orc:1    | Noticed an orc warlord
 20252 | Orc:2    | Received a gift from Okawaru
 20655 | Orc:2    | Killed an orc warlord
 20731 | Orc:1    | Found Pesin's Magic Scroll Shoppe.
 20907 | Orc:1    | Bought a scroll of immolation for 52 gold pieces
 20907 | Orc:1    | Bought a scroll of teleportation for 45 gold pieces
 21120 | Orc:2    | Found a staircase to the Elven Halls.
 21154 | Orc:2    | Noticed Maurice
 21179 | Orc:2    | Killed Maurice
 21279 | Orc:2    | Found Ezyxkienn's Antique Weapon Boutique.
 21644 | Orc:2    | Received a gift from Okawaru
 21811 | Orc:2    | Got a faintly glowing hat {god gift}
 21812 | Orc:2    | Identified the +2 hat of the Apothecary {Rampage *Drain
                  | +Fly rCorr} (Okawaru gifted it to you on level 2 of the
                  | Orcish Mines)
 22157 | Orc:2    | Reached skill level 15 in Unarmed Combat
 22235 | Orc:2    | Found Siemia's Antique Weapon Shoppe.
 22239 | Orc:2    | Found Gelarchao's Book Shoppe.
 22246 | Orc:2    | Found Tounod's Antique Armour Boutique.
 22545 | D:11     | Reached XP level 15. HP: 57/97 MP: 18/18
 23258 | D:12     | Noticed Sonja
 23260 | D:12     | Killed Sonja
 24517 | D:13     | Found a gate to the Vaults.
 24545 | D:13     | Received a gift from Okawaru
 24563 | D:13     | Identified the +0 chain mail of Figuozebb {rN+ MR+}
                  | (Okawaru gifted it to you on level 13 of the Dungeon)
 24929 | D:13     | Got an ichor-stained plate armour
 24930 | D:13     | Identified the +2 plate armour "Quodd" {rN+} (You found it
                  | on level 13 of the Dungeon)
 25365 | D:13     | Reached skill level 16 in Unarmed Combat
 26660 | Snake:1  | Entered Level 1 of the Snake Pit
 26696 | Snake:1  | Received a gift from Okawaru
 26802 | Snake:1  | Received a gift from Okawaru
 27073 | Snake:1  | Learned a level 1 spell: Apportation
 27077 | Snake:1  | Learned a level 3 spell: Lesser Beckoning
 27228 | Snake:1  | Received a gift from Okawaru
 27245 | Snake:1  | Received a gift from Okawaru
 27245 | Snake:1  | Reached skill level 1 in Spellcasting
 27348 | Snake:1  | Noticed Aizul
 27391 | Snake:1  | Killed Aizul
 27391 | Snake:1  | Reached XP level 16. HP: 92/104 MP: 19/19
 27468 | Snake:1  | Received a gift from Okawaru
 27971 | Snake:1  | Found Alunes's Weapon Boutique.
 28413 | Snake:2  | Noticed a nagaraja
 28433 | Snake:2  | Killed a nagaraja
 28433 | Snake:2  | Reached skill level 17 in Unarmed Combat
 28712 | Snake:2  | Identified a scroll of acquirement
 28713 | Snake:2  | Acquired 600 gold pieces
 29308 | Shoals:1 | Entered Level 1 of the Shoals
 29311 | Shoals:1 | Noticed Louise
 29326 | Shoals:1 | Reached skill level 1 in Translocations
 29683 | Lair:2   | Killed Louise
 29683 | Lair:2   | Received a gift from Okawaru
 29683 | Lair:2   | Reached skill level 10 in Shields
 30068 | Shoals:1 | Noticed Jorgrun
 30089 | Shoals:1 | Killed Jorgrun
 30089 | Shoals:1 | Received a gift from Okawaru
 30090 | Shoals:1 | Slain by a snapping turtle

Illustrated notes

Levels and vault maps discovered:
D:1:      dpeg_arrival_simpleton_c, layout_loops_ring
D:2:      layout_loops_ring, minmay_pentomino_q2
D:3:      layout_loops_ring, chequers_ecumenical_altar_twisty,
          small_statue_intersection
D:4:      layout_loops_ring, nicolae_ru_sacrificial_ziggurat,
          lemuel_temple_firewalk_a, nrook_loot_triangle
D:5:      layout_loops_ring, uniq_ijyb, uniq_prince_ribbit1
D:6:      lemuel_insect_pit, layout_basic, uniq_edmund
D:7:      layout_basic, uniq_menkaure
D:8:      layout_loops_ring, kennysheep_small_square
D:9:      layout_grid_maze, david_orc_3, enter_bailey_2
D:10:     minmay_the_grid_triangle_9x9_rhombus_thin_mashed
          [minmay_the_grid_triangle_9x9_longest,
          minmay_the_grid_triangle_9x9_prize_center,
          minmay_the_grid_triangle_9x9_cache,
          minmay_the_grid_triangle_9x9_empty], layout_basic,
          due_lair_maze_entry_diamond
D:11:     minmay_cornered_nines, layout_irregular_city
D:12:     layout_grid_maze, hangedman_decor_peaks_small, uniq_sonja
D:13:     minmay_stepped, layout_long_grid, grunt_vaults_entry_fortified,
          onia_ninara_dug_in_and_dangerous
D:14:     layout_long_grid
Temple:   nicolae_temple_the_god_donut
Lair:1:   layout_small_grid, gauntlet_entry_generic, enter_volcano_1,
          grunt_megastairs_1, serial_bayou_shore_a
Lair:2:   layout_gridlike, elwin_shoals_entry_rooms
Lair:3:   layout_misc_corridors, lemuel_fruit_tree
Lair:4:   layout_loops_ring, dummy_snake_entry, grunt_megastairs_5, uniq_urug
Lair:5:   layout_roguey
Lair:6:   due_jungle_book, layout_regular_city, dpeg_slime_entry_enclosed_altar,
          chequers_serial_rivers_micro_a
Shoals:1: layout_shoals, ebering_ghost_reflecting_pool, uniq_jorgrun,
          uniq_roxanne, uniq_josephine, uniq_louise
Snake:1:  layout_cave_shapes, serial_shops, shop, uniq_aizul
Snake:2:  layout_basic, serial_bayou_shore_b
Orc:1:    layout_caves, serial_shops, shop
Orc:2:    st_orc_elflike, layout_caves, special_room, uniq_maurice

Skill      XL: |  1  2  3  4  5  6  7  8  9 10 11 12 13 14 15 16 |
---------------+-------------------------------------------------+-----
Armour         | 1 2 3 4 5 7 10 | 10.7
Unarmed Combat | 4 5 6 7 9 11 13 14 15 16 17 | 17.5
Fighting       | 4 5 6 8 10 11 12 13 14 | 14.2
Invocations    | 2 4 |  4.1
Shields        | 5 6 9 10 | 10.1
Evocations     | 3 4 |  4.4
Throwing       | 4 8 11 | 11.1
Spellcasting   | 1 3 |  3.2
Translocations | 2 |  2.2
Dodging        | |  2.4
Stealth        | |  2.1

Action                   |  1- 3 |  4- 6 |  7- 9 | 10-12 | 13-15 | 16-18 || total
-------------------------+-------+-------+-------+-------+-------+-------++-------
Melee: Unarmed           |   137 |   278 |   404 |   740 |  1670 |   367 ||  3596
       Punch             |     3 |     6 |    12 |    30 |       |       ||    51
Throw: Javelin           |       |       |     2 |     2 |     4 |       ||     8
Invok: Heroism           |       |       |     1 |     5 |     1 |       ||     7
 Abil: Fly               |       |       |       |       |     1 |     1 ||     2
       Stop Flying       |       |       |       |       |       |     1 ||     1
Evoke: Wand              |       |       |     6 |     2 |     2 |     1 ||    11
       Condenser vane    |       |       |       |     1 |       |     1 ||     2
  Use: Scroll            |       |    10 |     1 |     4 |    17 |     5 ||    37
       Potion            |       |       |     2 |     7 |     1 |     1 ||    11
 Stab: Sleeping          |     3 |     2 |       |       |       |       ||     5
       Paralysed         |       |       |     4 |       |       |       ||     4
Armor: Robe              |    13 |       |       |       |       |       ||    13
       Ring mail         |    31 |    64 |       |       |       |       ||    95
       Chain mail        |       |    66 |   252 |   506 |       |       ||   824
       Crystal plate arm |       |       |       |     2 |  1280 |   338 ||  1620
Dodge: Dodged            |    93 |    92 |   145 |   333 |   413 |    94 ||  1170
Block: Buckler           |       |       |       |    55 |   425 |   101 ||   581

Table legend: (Time is in decaauts)
 A = Elapsed time spent in this place.
 B = Non-inter-level travel time spent in this place.
 C = Inter-level travel time spent in this place.
 D = Time resting spent in this place.
 E = Time spent auto-exploring this place.
 F = Levels seen in this place.
 G = Mean time per level.
                   A        B        C        D        E       F      G
               +--------+--------+--------+--------+--------+-----+--------+
         Total |  29343 |  28022 |   1321 |   5202 |  16636 |  28 | 1048.0 |
       Dungeon |  15007 |  14263 |    744 |   1934 |   9206 |  14 | 1071.9 |
        Temple |     19 |     13 |      6 |      0 |      0 |   1 |   19.0 |
          Lair |   8269 |   7819 |    450 |   1742 |   4576 |   6 | 1378.2 |
        Shoals |    433 |    433 |      0 |      0 |    277 |   1 |  433.0 |
     Snake Pit |   2446 |   2417 |     29 |    373 |   1534 |   2 | 1223.0 |
  Orcish Mines |   2501 |   2410 |     91 |    904 |   1043 |   2 | 1250.5 |
       Volcano |    210 |    210 |      0 |     53 |      0 |   1 |  210.0 |
      Gauntlet |    453 |    453 |      0 |    195 |      0 |   1 |  453.0 |
               +--------+--------+--------+--------+--------+-----+--------+

Top non-repeatable levels by time:
  Lair:6: 2578 daAuts
  Lair:2: 1860 daAuts
   Orc:2: 1759 daAuts
 Snake:1: 1439 daAuts
    D:13: 1356 daAuts
     D:5: 1340 daAuts
    D:10: 1278 daAuts
     D:9: 1170 daAuts
     D:4: 1157 daAuts
     D:6: 1139 daAuts
  Lair:1: 1106 daAuts
     D:7: 1094 daAuts
     D:8: 1079 daAuts
     D:2: 1046 daAuts
 Snake:2: 1007 daAuts
